 Dungeon Crawl Stone Soup version 0.30-a0-1103-g25895a7845 (webtiles) character file.

Game seed: 10025789821400561438

207461 NinjaNoafa the Thaumaturge (level 18, -18/147 HPs)
             Began as a Green Draconian Conjurer on Apr 17, 2023.
             Was the Champion of Vehumet.
             Demolished by a naga warrior
             ... wielding a +0 halberd
              (37 damage)
             ... on level 4 of the Snake Pit on Apr 18, 2023.
             The game lasted 01:51:57 (34843 turns).

NinjaNoafa the Thaumaturge (DrCj)                  Turns: 34843, Time: 01:51:58

Health: -18/147    AC: 17    Str: 20    XL:     18   Next: 47%
Magic:  35/35      EV: 24    Int: 24    God:    Vehumet [******]
Gold:   58         SH: 11    Dex: 14    Spells: 5/43 levels left

rFire   . . .      SeeInvis .    a - staff of air
rCold   + . .      Faith    .    d - +1 kite shield {reflect}
rNeg    + . .      Spirit   .    (body armour unavailable)
rPois   +          Reflect  +    C - +2 hat
rElec   +          Rampage  .    E - scarf {rC+ rF+}
rCorr   .                        y - +2 pair of gloves
Will    ++...                    q - +2 pair of slick slippers {slick, slippery, EV+4}
Stlth   +                        T - amulet of Reidabbu {RegenMP rF- Regen+ Str+8}
HPRegen 1.24/turn                k - ring "Bejojaef" {Fly rN+ Will+ Str+2 Int-2}
MPRegen 0.64/turn                S - ring "Utuedih" {EV+5 Dex+4 Stlth-}

@: lethally poisoned (-18 -> -20), weakened, attractive, flying
A: breathe noxious fumes, AC +10, unfitting armour, stinger 1, poison
resistance, cold-blooded
a: Breathe Noxious Fumes, Renounce Religion


You were on level 4 of the Snake Pit.
You worshipped Vehumet.
Vehumet was exalted by your worship.
You visited 7 branches of the dungeon, and saw 33 of its levels.
You visited 1 bazaar.
You also visited: Bailey and Gauntlet.

You collected 3632 gold pieces.
You spent 3574 gold pieces at shops.

Inventory:

Missiles
 l - 2 throwing nets
 r - 5 silver boomerangs
Armour
 d - a +1 kite shield of reflection (worn)
 q - the +2 pair of slick slippers (worn) {slick, slippery, EV+4}
   (You acquired it on level 12 of the Dungeon)

   Slick:     Its wearer cannot be constricted, engulfed, netted or webbed.
   Slippery:  Its wearer slips away from damaging melee attacks, pulling the
   attacker onward.
   EV:        It affects your evasion (+4).
 y - a +2 pair of gloves (worn)
 C - a +2 hat (worn)
 E - a scarf of resistance (worn)
Magical Staves
 a - a staff of air (weapon)
 b - the staff of poison "Jett" {rPois rCorr Stlth+}
   (You found it in a Gauntlet)

   [staff of poison]

   Base accuracy: +5 Base damage: 5 Base attack delay: 1.2 This weapon's minimum
   attack delay (0.6) is reached at skill level 12.
   rPois:     It protects you from poison.
   rCorr:     It protects you from acid and corrosion.
   Stlth:     It makes you more stealthy.
   It falls into the 'Staves' category.
   It is a one-handed weapon.
Jewellery
 k - the ring "Bejojaef" (left hand) {Fly rN+ Will+ Str+2 Int-2}
   (You found it on level 2 of the Dungeon)

   [ring of willpower]

   Str:       It affects your strength (+2).
   Int:       It affects your intelligence (-2).
   rN:        It protects you from negative energy.
   Fly:       It grants you flight.
   Will:      It increases your willpower.
 s - a ring of see invisible
 G - a ring of resist corrosion
 R - a ring of protection from cold
 S - the ring "Utuedih" (right hand) {EV+5 Dex+4 Stlth-}
   (You found it in a Gauntlet)

   [ring of evasion]

   EV:        It affects your evasion (+5).
   Dex:       It affects your dexterity (+4).
   Stlth:     It makes you less stealthy.
 T - the amulet of Reidabbu (around neck) {RegenMP rF- Regen+ Str+8}
   (You bought it in a shop on level 4 of the Snake Pit)

   [amulet of magic regeneration]

   It increases your rate of magic regeneration.
   Str:       It affects your strength (+8).
   rF:        It makes you vulnerable to fire.
   Regen:     It increases your rate of health regeneration.
Wands
 c - a wand of iceblast (7)
 F - a wand of flame (48)
 L - a wand of mindburst (20)
 N - a wand of digging (4)
 W - a wand of charming (7)
 Y - a wand of polymorph (14)
 Z - a wand of light (9)
Scrolls
 e - 4 scrolls of vulnerability
 h - 15 scrolls of teleportation
 i - 4 scrolls of fear
 n - 4 scrolls of fog
 o - 6 scrolls of butterflies
 t - 8 scrolls of identify
 A - 8 scrolls of poison
 B - 4 scrolls of amnesia
 J - 3 scrolls of magic mapping
 M - 8 scrolls of immolation
 P - 5 scrolls of blinking
 Q - 5 scrolls of silence
 V - a scroll of torment
Potions
 g - 4 potions of magic
 j - 4 potions of invisibility
 m - 5 potions of haste
 p - 6 potions of mutation
 u - 4 potions of lignification
 w - 6 potions of might
 x - 7 potions of heal wounds
 z - 4 potions of resistance
 D - 4 potions of flight
 H - 6 potions of cancellation
 I - 3 potions of berserk rage
 K - 14 potions of curing
 O - 3 potions of brilliance
 U - 2 potions of ambrosia
 X - 5 potions of attraction
Miscellaneous
 f - a tin of tremorstones (2/2)
 v - a phantom mirror


   Skills:
 - Level 10.0 Fighting
 - Level 10.0 Staves
 - Level 10.0 Dodging
 - Level 1.7 Stealth
 + Level 8.1 Shields
 - Level 13.0 Spellcasting
 - Level 12.0 Conjurations
 - Level 11.0 Summonings
 - Level 8.0 Translocations
 - Level 12.0 Fire Magic
 - Level 12.0 Air Magic
 - Level 10.0 Evocations


You had 5 spell levels left.
You knew the following spells:

 Your Spells              Type           Power      Damage    Failure   Level
a - Starburst             Conj/Fire      32%        6d10      3%          6
b - Searing Ray           Conj           100%       2d8       1%          2
c - Spellforged Servitor  Conj/Summ      31%        N/A       17%         7
d - Iskenderun's Mystic   Conj/Tloc      59%        2d12      1%          4
e - Blink                 Tloc           100%       N/A       1%          2
f - Arcjolt               Conj/Air       41%        1d51      1%          5
g - Plasma Beam           Fire/Air       41%        2x1d60    3%          6
h - Iskenderun's Battles  Conj           65%        2d11      1%          5
i - Magic Dart            Conj           100%       1d8       1%          1

Your spell library contained the following spells:

 Spells                   Type           Power      Damage    Failure   Level
 Ignition                 Fire           32%        3d10      71%         8
 Maxwell's Capacitive Co  Air            41%        ∞         71%         8
 Lehudib's Crystal Spear  Conj/Erth      22%        10d6      100%        8
 Kiss of Death            Conj/Necr      100%       2d13      1%          1
 Lesser Beckoning         Tloc           100%       N/A       1%          2
 Momentum Strike          Conj/Tloc      100%       3d10      1%          2
 Poisonous Vapours        Pois/Air       100%       N/A       1%          2
 Call Canine Familiar     Summ           62%        N/A       1%          3
 Dazzling Flash           Conj/Hex       88%        N/A       1%          3
 Gell's Gravitas          Tloc           52%        N/A       1%          3
 Inner Flame              Hex/Fire       44%        N/A       1%          3
 Mephitic Cloud           Conj/Pois/Air  69%        N/A       1%          3
 Vhi's Electric Charge    Tloc/Air       100%       N/A       1%          3
 Volatile Blastmotes      Fire/Tloc      100%       2d18      1%          3
 Flame Wave               Conj/Fire      65%        2d15      1%          4
 Sticky Flame             Conj/Fire      65%        2d8       1%          4
 Cigotuvi's Dreadful Rot  Necr/Pois/Air  100%       N/A       2%          2
 Fulminant Prism          Conj/Hex       22%        3d12      2%          4
 Freezing Cloud           Conj/Ice/Air   34%        6-21      2%          5
 Portal Projectile        Hex/Tloc       68%        N/A       5%          3
 Frozen Ramparts          Ice            30%        1d5       8%          3
 Sting                    Tmut/Pois      60%        1d6       10%         1
 Summon Ice Beast         Ice/Summ       42%        N/A       10%         4
 Ensorcelled Hibernation  Hex/Ice        30%        N/A       14%         2
 Olgreb's Toxic Radiance  Pois           15%        N/A       24%         4
 Confusing Touch          Hex            15%        N/A       28%         3
 Ozocubu's Armour         Ice            15%        N/A       28%         3
 Spider Form              Tmut/Pois      15%        N/A       28%         3
 Tukima's Dance           Hex            15%        N/A       28%         3
 Lee's Rapid Deconstruct  Erth           7%         3d7*      52%         5
 Anguish                  Hex/Necr       7%         N/A       67%         4
 Dispel Undead            Necr           15%        3d10      67%         4
 Ice Form                 Ice/Tmut       15%        N/A       67%         4
 Leda's Liquefaction      Hex/Erth       7%         N/A       67%         4
 Alistair's Intoxication  Tmut/Pois      10%        N/A       95%         5
 Blade Hands              Tmut           7%         N/A       95%         5
 Borgnjor's Vile Clutch   Necr/Erth      7%         N/A       95%         5
 Metabolic Englaciation   Hex/Ice        7%         N/A       95%         5
 Monstrous Menagerie      Summ           31%        N/A       65%         7
 Eringya's Noxious Bog    Tmut/Pois      7%         N/A       96%         6
 Death Channel            Necr           7%         N/A       100%        6
 Simulacrum               Ice/Necr       7%         N/A       100%        6
 Chain Lightning          Conj/Air       41%        3d55      100%        9
 Fire Storm               Conj/Fire      32%        8d8       100%        9
 Shatter                  Erth           7%         3d10*     100%        9


Dungeon Overview and Level Annotations

Branches:
Dungeon (15/15)            Temple (1/1) D:6            Lair (5/5) D:9
 Shoals (4/4) Lair:2        Snake (4/4) Lair:2        Slime (0/5) Lair:4
    Orc (2/2) D:9             Elf (0/3) Orc:2        Vaults (0/5) D:14
 Depths (2/4) D:15         Bailey (visited)         Gauntlet (visited)

Altars:
Ashenzari
Cheibriados
Dithmenos
Elyvilon
Fedhas
Gozag
Hepliaklqana
Kikubaaqudgha
Makhleb
Nemelex Xobeh
Okawaru
Qazlal
Ru
Sif Muna
Trog
Uskayaw
Vehumet
Wu Jian
Xom
Yredelemnul
Zin
The Shining One

Shops:
D:2 !   D:8 *   D:9 *   D:10 *   Orc:2 [(?(   Shoals:2 [(   Snake:1 *
Snake:4 :=   Depths:1 =(!!:

Portals:
Hell: Depths:1
Abyss: Depths:1
Pandemonium: Depths:1
Ziggurat: Depths:1

Annotations:
Shoals:4 Polyphemus
Depths:1 6 runed translucent doors


Innate Abilities, Weirdness & Mutations

You can breathe blasts of noxious fumes.
Your lurid green scales are hard. (AC +10)
You cannot fit into any form of body armour.
Your tail ends in a venomous barb.
Your system is resistant to poisons. (rPois)
You are cold-blooded and may be slowed by cold attacks.


Message History

The guardian serpent is severely wounded.
You kill your butterfly!
Your butterfly disappears in a burst of colours!
Your spellforged servitor resists.
Your spellforged servitor is severely damaged.
You kill your butterfly!
Your butterfly disappears in a burst of colours!
You kill your butterfly!
Your butterfly disappears in a burst of colours!
You kill your butterfly!
Your butterfly disappears in a burst of colours!
You kill your butterfly!
Your butterfly disappears in a burst of colours!
You feel sick. You block the anaconda's attack. The naga warrior misses you.
The guardian serpent hits you.
* * * LOW HITPOINT WARNING * * *
You slip backwards!
A naga comes into view. It is wielding a +0 trident.
The salamander tyrant gazes fiercely through you!
You feel your attacks grow feeble. The anaconda bites you.
* * * LOW HITPOINT WARNING * * *
You slip backwards!
A naga, a nagaraja and a naga warrior come into view.
The nagaraja casts a spell.
The nagaraja seems to speed up.
The naga warrior roars a battlecry!
The nagas go into a battle-frenzy!
The naga ritualist utters an invocation to its god.
The naga ritualist begins to radiate toxic energy.
* * * LOW HITPOINT WARNING * * *
You are more poisoned.
The salamander hits you with a +3 trident!!
* * * LOW HITPOINT WARNING * * *
You are engulfed in flames!
* * * LOW HITPOINT WARNING * * *
You slip backwards!
A naga comes into view. It is wielding a +0 battleaxe.
The naga warrior hits you from afar with a +0 halberd!!!
You die...

...###.....###....†.†....##
...# ####.##....[...†..###
...########.....########
..........#...9###
..........##...).####
#...#########...†...##
##.## ##..)SN..# #.#
####†SN## #.# ###@SNN.###
#.## ####...NNN)..#
#(.#######.#...NN)))...#
##.........##....§SN....#
#...####...#....8§.§8..§.#
...## #####.⌠.......§.⌠.#
...# #.....8N.§8§.... #..#
#......§NNN.... #..#
#.....8 N.8....


You could see 2 nagarajas, 4 naga warriors, a salamander tyrant (strong), a
salamander mystic (strong), 2 salamanders, an anaconda, a naga ritualist
(strong, toxic aura), 2 guardian serpents, a black mamba and 3 nagas.

Vanquished Creatures
  Rupert (Lair:3)
  Frances (Shoals:1)
  Donald (Snake:3)
  A nagaraja (Snake:4)
  Aizul (Snake:4)
  3 orc warlords
  A minotaur (Gauntlet)
  A dire elephant (Gauntlet)
  An ettin (D:15)
  A merfolk impaler (Shoals:1)
  A catoblepas (D:14)
  2 salamander tyrants (Snake:2)
  2 ogre magi (D:15)
  A merfolk avatar (Shoals:3)
  2 alligator snapping turtles (Shoals:3)
  A vault guard (D:14)
  4 centaur warriors
  3 hydras
  2 anacondas
  A merfolk aquamancer (Shoals:3)
  7 two-headed ogres
  5 naga warriors
  4 boulder beetles
  4 tengu warriors
  The ghost of RealBenFromCanada the Slicer, a novice MfIE of Vehumet (D:8)
  An orc high priest (Orc:2)
  4 death yaks
  2 deep troll earth magi (Depths:1)
  A hell knight (D:15)
  8 skysharks
  5 naga sharpshooters
  2 shock serpents
  A soul eater (Gauntlet)
  A salamander mystic (Snake:2)
  An iron troll (Depths:1)
  6 sea snakes
  3 nameless horrors
  A deep troll (D:15)
  A goliath frog (Lair:5)
  4 naga ritualists
  A spectral anaconda (Snake:3)
  3 wizards (D:14)
  2 necromancers
  11 mana vipers
  3 orc knights
  12 harpies
  An orc sorcerer (Orc:2)
  2 deep elf pyromancers (D:15)
  2 wolf spiders (Orc:1)
  15 ugly things
  3 oklob plants (Lair:4)
  11 fauns
  6 manticores
  9 salamanders
  A spectral shock serpent (Snake:3)
  3 cyclopes
  3 merfolk sirens
  24 elephants
  3 guardian serpents (Snake:4)
  24 black mambas
  5 naga magi
  2 water nymphs
  A torpor snail (Lair:3)
  Maggie (D:8)
  25 cane toads
  6 komodo dragons
  2 unseen horrors
  2 rime drakes (Lair:4)
  2 efreet
  3 tengu conjurers
  A wolf spider simulacrum (D:14)
  3 meliai (D:13)
  3 wind drakes
  2 tyrant leeches
  A hornet (D:9)
  A spectral guardian serpent (Snake:3)
  6 trolls
  8 merfolk
  3 polar bears
  19 blink frogs
  A tarantella (shapeshifter) (D:10)
  12 dream sheep
  3 snapping turtles
  2 spectral black mambas (Snake:3)
  20 slime creatures
  A vampire (D:10)
  4 shadows
  20 humans
  2 wraiths (D:11)
  6 wyverns
  11 water elementals
  42 yaks
  2 steam dragons (D:7)
  12 vampire mosquitoes
  Grum (D:9)
  5 wargs
  2 redbacks (Orc:1)
  Edmund (D:4)
  A mana viper simulacrum (Snake:3)
  14 nagas
  An acid dragon (D:11)
  13 water moccasins
  2 spectral nagas (Snake:3)
  48 orc warriors
  2 sky beasts (D:8)
  2 ice beasts
  4 black bears
  43 wolves
  11 ogres
  4 centaurs
  2 phantoms
  A kobold brigand (D:8)
  A gnoll sergeant (D:9)
  17 bullfrogs
  3 scorpions
  4 troll zombies (D:9)
  2 howler monkeys
  5 killer bees (D:8)
  An electric eel (Lair:5)
  29 orc priests
  3 hounds (D:6)
  A jelly (D:4)
  Ijyb (D:2)
  11 hell rats
  2 iguanas
  2 sleepcaps
  31 orc wizards
  2 naga simulacra (Snake:3)
  2 ogre zombies (D:9)
  Robin (D:2)
  11 gnolls
  4 river rats
  5 adders
  4 shadow imps
  A white imp (D:6)
  2 ufetubi
  7 worms
  3 dart slugs
  95 orcs
  10 ball pythons
  8 bats
  6 endoplasms
  A giant cockroach (D:2)
  19 goblins
  8 hobgoblins
  3 jackals (D:2)
  6 quokkas
  3 frilled lizards
  A hobgoblin skeleton (D:9)
  3 hobgoblin zombies (D:9)
  15 kobolds
  An orc skeleton (D:9)
  13 orc zombies (D:9)
  9 rats
979 creatures vanquished.

Vanquished Creatures (collateral kills)
  Vashnia (Snake:3)
  Bai Suzhen (Shoals:3)
  Mlioglotl (Snake:4)
  A nagaraja (Snake:4)
  A frost giant (Depths:1)
  2 stone giants (Depths:1)
  3 very ugly things (Depths:1)
  The ghost of Ties the Spry, a journeyman SpEn of Wu Jian (Snake:3)
  A vampire knight (Depths:1)
  2 spark wasps (Depths:2)
  2 merfolk impalers (Shoals:3)
  2 salamander tyrants
  2 ice dragons (Depths:1)
  2 merfolk avatars (Shoals:3)
  A satyr (Shoals:3)
  7 anacondas
  6 naga warriors
  7 naga sharpshooters
  2 deep troll shamans (Depths:1)
  A spriggan berserker (Depths:1)
  3 shock serpents
  2 salamander mystics
  2 iron trolls (Depths:1)
  5 sea snakes
  A skyshark (Shoals:2)
  2 deep trolls (Depths:1)
  A glowing orange brain (Depths:2)
  A naga ritualist (Snake:3)
  2 mana vipers
  A faun (Shoals:2)
  An ugly thing (Depths:1)
  A manticore (Shoals:3)
  6 salamanders
  A guardian serpent (Snake:4)
  9 black mambas
  5 naga magi
  A water nymph (Shoals:3)
  9 merfolk
  2 wind drakes (Shoals:3)
  2 snapping turtles (Shoals:3)
  2 dream sheep
  4 water elementals
  2 nagas
  A plant (Shoals:3)
112 creatures vanquished.

Vanquished Creatures (others)
  2 orcs (Orc:2)
  28 fungi
  177 plants
  2 starspawn tentacles (Snake:4)
209 creatures vanquished.

Grand Total: 1300 creatures vanquished

Notes
Turn   | Place    | Note
-------+----------+-------------------------------------------
     0 | D:1      | NinjaNoafa the Draconian Conjurer began the quest for the
                  | Orb.
     0 | D:1      | Reached XP level 1. HP: 14/14 MP: 3/3
   176 | D:1      | Reached XP level 2. HP: 20/20 MP: 0/5
   440 | D:1      | Learned a level 2 spell: Searing Ray
   851 | D:2      | Reached XP level 3. HP: 26/26 MP: 7/7
   975 | D:2      | Identified the ring "Bejojaef" {Fly rN+ Will+ Str+2 Int-2}
   978 | D:2      | Found Tydumm's Distillery.
  1002 | D:2      | Bought a potion of heal wounds for 50 gold pieces
  1002 | D:2      | Bought a potion of degeneration for 10 gold pieces
  1084 | D:2      | Reached skill level 3 in Spellcasting
  1342 | D:2      | Reached XP level 4. HP: 27/33 MP: 3/8
  1529 | D:2      | Reached skill level 5 in Conjurations
  1784 | D:3      | Found the +6 shillelagh "Devastator" {shatter}
  1868 | D:3      | Noticed Ijyb
  1868 | D:3      | Noticed Robin
  1888 | D:2      | HP: 1/33 [poisoned by a goblin]
  2237 | D:2      | Killed Ijyb
  2238 | D:2      | Reached skill level 4 in Spellcasting
  2238 | D:2      | Reached XP level 5. HP: 18/38 MP: 1/11
  2323 | D:2      | Killed Robin
  2565 | D:3      | Noticed a black bear
  2572 | D:3      | Killed a black bear
  2573 | D:3      | Reached skill level 5 in Spellcasting
  2654 | D:3      | Reached XP level 6. HP: 45/45 MP: 5/13
  3087 | D:4      | Noticed a wyvern
  3092 | D:4      | HP: 2/45 [wyvern (11)]
  3174 | D:4      | Reached skill level 6 in Spellcasting
  3360 | D:4      | Killed a wyvern
  3361 | D:4      | Reached skill level 7 in Spellcasting
  3361 | D:4      | Your scales start taking on a lurid green colour.
  3361 | D:4      | Reached XP level 7. HP: 50/50 MP: 7/17
  3361 | D:4      | Gained mutation: Your system is resistant to poisons.
                  | (rPois) [Green Draconian growth]
  3475 | D:4      | Noticed Edmund
  3484 | D:4      | Killed Edmund
  3643 | D:5      | Entered Level 5 of the Dungeon
  3764 | D:5      | Reached skill level 8 in Spellcasting
  3764 | D:5      | Reached skill level 1 in Translocations
  3841 | D:5      | Reached XP level 8. HP: 54/57 MP: 15/20
  4614 | D:6      | Found a staircase to the Ecumenical Temple.
  4624 | Temple   | Entered the Ecumenical Temple
  4658 | Temple   | Became a worshipper of Vehumet
  4697 | D:6      | Learned a level 2 spell: Blink
  4700 | D:6      | Learned a level 2 spell: Momentum Strike
  5052 | D:6      | Learned a level 4 spell: Iskenderun's Mystic Blast
  5193 | D:7      | Reached skill level 5 in Translocations
  5570 | D:7      | Noticed a troll
  5580 | D:7      | Killed a troll
  5581 | D:7      | Reached XP level 9. HP: 47/62 MP: 10/21
  5985 | D:7      | Reached * piety under Vehumet
  5985 | D:7      | Offered knowledge of Shock by Vehumet.
  6334 | D:8      | Reached skill level 1 in Fighting
  6343 | D:8      | Reached skill level 9 in Spellcasting
  6491 | D:8      | Found a flagged portal.
  6504 | Bailey   | Entered a bailey
  6552 | Bailey   | Noticed an orc warlord
  6750 | Bailey   | Found a runed translucent gate.
  6752 | Bailey   | Found a runed translucent gate.
  6753 | Bailey   | Found a runed translucent gate.
  6813 | Bailey   | Reached XP level 10. HP: 77/77 MP: 11/23
  7000 | Bailey   | Killed an orc warlord
  7033 | Bailey   | Identified the staff of cold "Mus Ditso" {rC+ Str-2 Int+3}
  7131 | D:8      | Found Otwo's Gadget Gallery.
  7307 | D:2      | Bought a potion of curing for 30 gold pieces
  7307 | D:2      | Bought a potion of curing for 30 gold pieces
  7307 | D:2      | Bought a potion of invisibility for 80 gold pieces
  7307 | D:2      | Bought a potion of cancellation for 80 gold pieces
  7642 | D:8      | Reached ** piety under Vehumet
  7664 | D:8      | Found a runed translucent door.
  7666 | D:8      | Noticed RealBenFromCanada's ghost (novice MfIE)
  7667 | D:8      | Noticed an orc knight
  7711 | D:8      | Reached skill level 5 in Fighting
  7737 | D:8      | Offered knowledge of Foxfire by Vehumet.
  7740 | D:8      | Reached skill level 10 in Spellcasting
  7740 | D:8      | Found a shadowy altar of Dithmenos.
  7814 | D:8      | Noticed Maggie
  7826 | D:8      | Killed Maggie
  7827 | D:8      | Reached skill level 5 in Dodging
  7934 | D:8      | Found a glowing silver altar of Zin.
  8147 | D:9      | Noticed a death yak
  8152 | D:9      | Noticed a death yak
  8205 | D:9      | Noticed a death yak
  8238 | D:9      | Killed a death yak
  8239 | D:9      | Killed a death yak
  8240 | D:9      | Reached XP level 11. HP: 18/91 MP: 1/25
  8243 | D:9      | Killed a death yak
  8440 | D:9      | Offered knowledge of Hailstorm by Vehumet.
  8514 | D:9      | Found a staircase to the Lair.
  8539 | D:9      | Found an opulent altar of Gozag.
  8539 | D:9      | Found Gozag's Platinum Reserve.
  8668 | D:9      | Reached *** piety under Vehumet
  8714 | D:9      | Found a staircase to the Orcish Mines.
  8814 | D:9      | Reached skill level 1 in Fire Magic
  8814 | D:9      | Reached skill level 1 in Air Magic
  8827 | D:9      | Noticed Grum
  9233 | D:9      | Killed Grum
  9503 | D:9      | Offered knowledge of Flame Wave by Vehumet.
  9539 | D:10     | Entered Level 10 of the Dungeon
  9756 | D:10     | Found Xuket's Neck Hole.
 10242 | D:11     | Reached skill level 5 in Evocations
 10425 | D:11     | Learned a level 5 spell: Arcjolt
 10550 | D:11     | Reached **** piety under Vehumet
 10659 | D:11     | Identified a scroll of acquirement
 10666 | D:11     | Offered knowledge of Mephitic Cloud by Vehumet.
 11763 | D:11     | Reached XP level 12. HP: 77/101 MP: 2/26
 11967 | D:12     | Acquired the +2 pair of slick slippers {slick, slippery,
                  | EV+4}
 11967 | D:12     | Found the +2 pair of slick slippers {slick, slippery, EV+4}
 12030 | D:12     | Learned a level 6 spell: Plasma Beam
 12079 | D:12     | Reached XP level 13. HP: 104/107 MP: 8/27
 13104 | D:13     | Found a glowing silver altar of Zin.
 13690 | D:14     | Reached skill level 11 in Spellcasting
 13896 | D:14     | Reached ***** piety under Vehumet
 13896 | D:14     | Offered knowledge of Fireball by Vehumet.
 13923 | D:14     | Reached skill level 10 in Fire Magic
 13923 | D:14     | Reached skill level 10 in Air Magic
 13970 | D:14     | Gained mutation: Your tail ends in a venomous barb. [Green
                  | Draconian growth]
 13970 | D:14     | Reached XP level 14. HP: 115/115 MP: 8/29
 14181 | D:14     | Found a gate to the Vaults.
 14210 | D:14     | Reached skill level 12 in Spellcasting
 14400 | D:15     | Entered Level 15 of the Dungeon
 14525 | Lair:1   | Entered Level 1 of the Lair of Beasts
 14529 | Lair:1   | Reached skill level 1 in Staves
 15276 | Lair:2   | Found a staircase to the Shoals.
 15334 | Lair:2   | Found a staircase to the Snake Pit.
 15524 | Lair:2   | Found a hide-covered altar of Uskayaw.
 15754 | Lair:3   | Found a gate leading to a gauntlet.
 15763 | Gauntlet | Entered a Gauntlet
 15763 | Gauntlet | Found a transporter.
 15763 | Gauntlet | Found a runed translucent gate.
 15763 | Gauntlet | Found a transporter.
 15765 | Gauntlet | Found a runed translucent gate.
 15776 | Gauntlet | Found a transporter.
 15792 | Gauntlet | Found a large runed translucent door.
 15793 | Gauntlet | Found a large runed translucent door.
 15794 | Gauntlet | Found a large runed translucent door.
 15794 | Gauntlet | Found a large runed translucent door.
 15794 | Gauntlet | Found a large runed translucent door.
 15794 | Gauntlet | Found a large runed translucent door.
 15794 | Gauntlet | Found a large runed translucent door.
 15794 | Gauntlet | Found a large runed translucent door.
 15795 | Gauntlet | Found a runed translucent door.
 15795 | Gauntlet | Found a runed translucent gate.
 15796 | Gauntlet | Found a transporter.
 15796 | Gauntlet | Found a runed translucent gate.
 15796 | Gauntlet | Found a transporter.
 15796 | Gauntlet | Found a transporter.
 15799 | Gauntlet | Found a transporter.
 15799 | Gauntlet | Found a transporter.
 15811 | Gauntlet | Found a transporter.
 15829 | Gauntlet | Found a transporter.
 15839 | Gauntlet | Found a transporter.
 15856 | Gauntlet | Found a transporter.
 15867 | Gauntlet | Found a large runed translucent door.
 15867 | Gauntlet | Found a large runed translucent door.
 15868 | Gauntlet | Found a large runed translucent door.
 15868 | Gauntlet | Found a large runed translucent door.
 15868 | Gauntlet | Found a large runed translucent door.
 15868 | Gauntlet | Found a large runed translucent door.
 15869 | Gauntlet | Found a large runed translucent door.
 15869 | Gauntlet | Found a large runed translucent door.
 15869 | Gauntlet | Found a runed translucent gate.
 15869 | Gauntlet | Found a runed translucent door.
 15874 | Gauntlet | Found a transporter.
 15887 | Gauntlet | Found a transporter.
 15904 | Gauntlet | Found a runed translucent gate.
 15927 | Gauntlet | Offered knowledge of Sticky Flame by Vehumet.
 15931 | Gauntlet | Identified the ring "Utuedih" {EV+5 Dex+4 Stlth-}
 16073 | Gauntlet | Reached skill level 1 in Shields
 16089 | Gauntlet | Identified the amulet "Qeomoma" {Spirit rElec rN++ Str+2
                  | Int-2}
 16096 | Gauntlet | Identified the staff of poison "Jett" {rPois rCorr Stlth+}
 16350 | Lair:3   | Reached skill level 5 in Staves
 16823 | Lair:3   | Noticed Rupert
 16938 | Lair:3   | Killed Rupert
 17386 | Lair:4   | Reached skill level 5 in Shields
 17815 | Lair:4   | Found a staircase to the Slime Pits.
 18162 | Lair:4   | Offered knowledge of Orb of Destruction by Vehumet.
 18414 | Lair:5   | Entered Level 5 of the Lair of Beasts
 18426 | Lair:5   | Reached XP level 15. HP: 106/121 MP: 29/31
 18456 | Lair:5   | Reached skill level 13 in Spellcasting
 18495 | Lair:4   | Offered knowledge of Iskenderun's Battlesphere by Vehumet.
 18664 | Lair:4   | Learned a level 5 spell: Iskenderun's Battlesphere
 18994 | Lair:5   | Reached skill level 10 in Conjurations
 20070 | D:14     | Upgraded the game from 0.30-a0-1094-g860fb061e7 to
                  | 0.30-a0-1103-g25895a7845
 20356 | D:15     | Offered knowledge of Starburst by Vehumet.
 20373 | D:15     | Learned a level 6 spell: Starburst
 20486 | D:15     | Found a staircase to the Depths.
 20817 | Orc:1    | Entered Level 1 of the Orcish Mines
 21023 | Orc:2    | Entered Level 2 of the Orcish Mines
 21726 | Orc:2    | Offered knowledge of Spellforged Servitor by Vehumet.
 21734 | Orc:2    | Reached XP level 16. HP: 80/128 MP: 6/33
 21815 | Orc:2    | Found a staircase to the Elven Halls.
 22202 | Orc:2    | Found Ligoipno's Antique Weapon Boutique.
 22204 | Orc:2    | Found Veasoor's Antique Armour Shop.
 22217 | Orc:2    | Bought a pitted orb for 392 gold pieces
 22217 | Orc:2    | Identified the orb "Nirioq" {*channel, Str+4 Slay+3} (You
                  | bought it in a shop on level 2 of the Orcish Mines)
 22345 | Orc:2    | Found Qyorev's Magic Scroll Shoppe.
 22350 | Orc:2    | Bought a scroll of immolation for 44 gold pieces
 22350 | Orc:2    | Bought a scroll of magic mapping for 82 gold pieces
 22350 | Orc:2    | Bought a scroll of silence for 104 gold pieces
 22350 | Orc:2    | Bought a scroll of teleportation for 33 gold pieces
 22373 | Orc:2    | Found Buaboloff's Weapon Emporium.
 22443 | Orc:2    | Bought a pair of embroidered gloves for 210 gold pieces
 22633 | D:8      | Bought a tin of tremorstones (2/2) for 640 gold pieces
 22633 | D:8      | Bought a phantom mirror for 640 gold pieces
 22633 | D:8      | Bought a wand of iceblast (8) for 307 gold pieces
 23095 | Snake:1  | Entered Level 1 of the Snake Pit
 23114 | Snake:1  | Learned a level 7 spell: Spellforged Servitor
 23663 | Snake:1  | Found Fudacw's Assorted Antiques.
 23680 | Snake:1  | Offered knowledge of Iron Shot by Vehumet.
 23685 | Snake:1  | Bought a dented zirconium amulet for 130 gold pieces
 23931 | Snake:2  | Reached skill level 10 in Evocations
 24640 | Snake:2  | Reached skill level 10 in Staves
 24721 | Shoals:1 | Entered Level 1 of the Shoals
 24730 | Shoals:1 | Reached skill level 1 in Summonings
 24764 | Shoals:1 | Noticed Frances
 24779 | Shoals:1 | Killed Frances
 24794 | Shoals:1 | Found a flickering gateway to a bazaar.
 24806 | Bazaar   | Entered a bazaar
 24970 | Bazaar   | Found Baontaw's Weapon Emporium.
 24986 | Bazaar   | Found Lujeov's Distillery.
 24986 | Bazaar   | Found Eggevaink's Magic Scroll Shoppe.
 25008 | Bazaar   | Found Hidu's Antique Armour Emporium.
 25008 | Bazaar   | Found Reweest's Distillery.
 25030 | Bazaar   | Found Maeg's Magic Scroll Emporium.
 25095 | Bazaar   | Bought a potion of magic for 64 gold pieces
 25095 | Bazaar   | Bought a potion of heal wounds for 40 gold pieces
 25797 | Shoals:1 | Reached skill level 5 in Summonings
 26060 | Shoals:2 | Found Kudgh's Antique Weapon Boutique.
 26249 | Shoals:2 | Reached ****** piety under Vehumet
 26659 | Snake:2  | Reached XP level 17. HP: 127/134 MP: 26/34
 26802 | Snake:3  | Found a runed translucent gate.
 26802 | Snake:3  | Found a runed translucent gate.
 26802 | Snake:3  | Found a runed translucent gate.
 26804 | Snake:3  | Noticed Ties's ghost (journeyman SpEn)
 27218 | Snake:3  | Reached skill level 10 in Summonings
 27418 | Snake:2  | Offered knowledge of Lehudib's Crystal Spear by Vehumet.
 27418 | Snake:2  | Offered knowledge of Ignition by Vehumet.
 27418 | Snake:2  | Offered knowledge of Maxwell's Capacitive Coupling by
                  | Vehumet.
 27594 | Snake:3  | Noticed Donald
 27606 | Snake:3  | Killed Donald
 28094 | Snake:3  | Noticed Vashnia
 28113 | Snake:3  | Killed Vashnia
 28549 | Snake:4  | Entered Level 4 of the Snake Pit
 28549 | Snake:4  | Noticed Mlioglotl
 28569 | Snake:4  | Killed Mlioglotl
 29182 | Shoals:2 | Found Edibixa's Armour Boutique.
 29788 | Shoals:3 | Noticed Bai Suzhen
 29805 | Shoals:3 | Killed Bai Suzhen
 30884 | Shoals:4 | Entered Level 4 of the Shoals
 30886 | Shoals:4 | Noticed Polyphemus
 31177 | D:8      | Killed RealBenFromCanada's ghost
 31185 | D:8      | Got the Reference Book on Support and the Tesseract
 31187 | D:8      | Identified the +9 war axe "Sarcophage" {protect, rElec
                  | Will- rCorr}
 31407 | Snake:3  | Killed Ties's ghost
 31598 | Snake:4  | Found Fotsuv's Book Shop.
 31598 | Snake:4  | Noticed a walking earthen tome
 31600 | Snake:4  | Noticed a walking divine tome
 31979 | Depths:1 | Entered Level 1 of the Depths
 31979 | Depths:1 | Found a gateway to Hell.
 31979 | Depths:1 | Found Heag's Distillery.
 31979 | Depths:1 | Found Luxoh's Distillery.
 32007 | Depths:1 | Reached XP level 18. HP: 115/145 MP: 12/35
 32281 | Depths:1 | Found a one-way gate to the infinite horrors of the Abyss.
 32288 | Depths:1 | Found Cixup's One-of-a-Kind Books.
 33212 | Depths:1 | Found Calistin's Jewellery Shop.
 33225 | Depths:1 | Found a one-way gate leading to the halls of Pandemonium.
 33239 | Depths:1 | Found a one-way gateway to a ziggurat.
 33286 | Depths:1 | Found Ruledol's Weapon Shop.
 33366 | Depths:1 | Found a runed translucent gate.
 33366 | Depths:1 | Found a runed translucent gate.
 33366 | Depths:1 | Found a runed translucent gate.
 33366 | Depths:1 | Found a runed translucent gate.
 33366 | Depths:1 | Found a runed translucent gate.
 33366 | Depths:1 | Found a runed translucent gate.
 33366 | Depths:1 | Found the +2 Maxwell's thermic engine {flame, freeze, rev}
 33366 | Depths:1 | Noticed an Ice Fiend
 33367 | Depths:1 | Noticed a Brimstone Fiend
 34137 | Snake:4  | Noticed Aizul
 34142 | Snake:4  | Reached skill level 10 in Fighting
 34142 | Snake:4  | Killed Aizul
 34186 | Snake:4  | Found Saczuny's Jewellery Boutique.
 34193 | Snake:4  | Bought the amulet of Reidabbu {RegenMP rF- Regen+ Str+8}
                  | for 608 gold pieces
 34829 | Snake:4  | Reached skill level 10 in Dodging
 34843 | Snake:4  | Demolished by a naga warrior

Illustrated notes

Levels and vault maps discovered:
D:1:      grunt_arrival_lava_bath, layout_loops_ring, serial_rivers,
          chequers_serial_rivers_large_a, chequers_serial_rivers_micro_b,
          chequers_serial_rivers_micro_b, chequers_serial_rivers_small_3,
          chequers_serial_rivers_small_a
D:2:      kennysheep_big_flooded_room, layout_basic, serial_shops,
          nicolae_shop_stone, kennysheep_generic_room_2
D:3:      layout_basic, nicolae_goblin_pals, uniq_ijyb
D:4:      layout_loops_ring, uniq_edmund
D:5:      layout_basic
D:6:      layout_loops_ring, minmay_temple_entry_antechambers
D:7:      layout_basic, grunt_ministairs_15, chequers_serial_rivers_micro_c
D:8:      layout_loops_ring, mainiacjoe_overflow_six_doors_small,
          mainiacjoe_overflow_tiny_flanked, enter_bailey_5,
          ebering_ghost_inner_flame, nicolae_shop_gadgets, uniq_maggie
D:9:      layout_basic, nicolae_gozag_zags_fifth_avenue, dpeg_lair_monsters,
          zombieorc1_lemuel, billiards_dpeg, uniq_grum
D:10:     layout_rooms, nicolae_shop_sticking_my_neck_out
D:11:     layout_roguey
D:12:     layout_basic
D:13:     layout_roguey, nicolae_water_bricks, zin_treasury
D:14:     layout_rooms, grunt_vaults_entry_tiered
D:15:     hangedman_depths_entry_civil_slaughter, layout_basic,
          amcnicky_mini_pool_small
Temple:   hellmonk_temple_of_storms
Lair:1:   layout_concentric_octagons, beast_lair_carwin_8
Lair:2:   layout_roguey, nicolae_shoals_entry_flooding, basic_altar,
          ldierk_geyser, grunt_megastairs_4
Lair:3:   layout_small_grid, gauntlet_entry_generic, kennysheep_abandoned_house,
          uniq_rupert
Lair:4:   layout_loops_ring, minmay_slime_entry_oklob_enclosed
Lair:5:   minmay_lair_end_frog_pond, layout_gridlike,
          grunt_forest_large_clearings
Shoals:1: layout_shoals, serial_shops, bzr_firewalk, uniq_frances
Shoals:2: layout_shoals, serial_shops, nicolae_shop_tiny_statue_garden,
          nicolae_shoals_c_island
Shoals:3: layout_shoals, nicolae_shoals_elemental_ambush, uniq_bai_suzhen
Shoals:4: shoals_end_grunt_ice, layout_shoals, serial_shops, shop,
          nicolae_shop_firing_range, uniq_polyphemus
Snake:1:  layout_cave_pods, serial_shops, shop, drop_trap, nrook_loot_triangle
Snake:2:  layout_rooms, grunt_megastairs_2
Snake:3:  layout_layer_cave, gammafunk_ghost_necromancy, grunt_ministairs_11,
          st_stairs_12, serial_bayou_shore_a, serial_bayou_shore_b,
          uniq_vashnia, uniq_donald
Snake:4:  grunt_snake_rune_serpentine_throne, layout_layer_cave, serial_shops,
          nicolae_shop_mannequins, nicolae_shop_rolling_square, shop,
          uniq_aizul, uniq_mlioglotl
Orc:1:    nicolae_orc_accident_3, layout_caves
Orc:2:    grunt_orc_community_town_hall, layout_caves,
          grunt_orc_community_big_house_2, grunt_orc_community_big_house_1,
          grunt_orc_community_house_3, grunt_orc_community_house_1,
          grunt_orc_community_house_1, grunt_orc_community_house_1,
          grunt_orc_community_house_2, grunt_orc_community_house_2
Depths:1: layout_forbidden_donut, enter_ziggurat_d, serial_shops,
          nicolae_shop_bloodbath_and_beyond, shop, shop,
          nicolae_take_the_stairs, pan_entry, hell_entry,
          nicolae_BIG_FREAKIN_CUBE, serial_co_window_serial, co_window_paths_a,
          co_window_paths_b, co_window_paths_a, co_window_paths_b,
          co_window_paths_a, co_window_2corner, co_window_2corner,
          co_window_unsneaky_path_e, co_window_unsneaky_path_a,
          co_window_of_opportunity_b, glass_columns_b, glass_columns_a,
          hangedman_abyss_entry_splay, nicolae_rare_books,
          brannock_guarded_unrand_thermic_engine
Depths:2: minmay_gate_of_8, layout_basic, hell_entry, kennysheep_doodads,
          rand_demon_pan_entry_5, infiniplex_staircase_zigzag_1,
          minmay_shop_grove, serial_bayou_shore_b

Skill      XL: |  1  2  3  4  5  6  7  8  9 10 11 12 13 14 15 16 17 18 |
---------------+-------------------------------------------------------+-----
Spellcasting   | 3 4 5 7 8 9 10 11 12 13 | 13.0
Conjurations   | 5 7 11 12 | 12.0
Translocations | 2 6 7 8 |  8.0
Fighting       | 3 6 8 9 10 | 10.0
Dodging        | 3 5 8 10 | 10.0
Evocations     | 2 4 5 6 7 8 10 | 10.0
Fire Magic     | 6 7 10 12 | 12.0
Air Magic      | 6 7 10 12 | 12.0
Staves         | 6 7 10 | 10.0
Shields        | 5 8 |  8.1
Summonings     | 8 11 | 11.0
Stealth        | |  1.7

Action                     |  1- 3 |  4- 6 |  7- 9 | 10-12 | 13-15 | 16-18 || total
---------------------------+-------+-------+-------+-------+-------+-------++-------
  Melee: Unarmed           |     5 |       |       |       |       |       ||     5
         Demon blade       |    74 |    54 |    40 |    14 |       |       ||   182
         Tailslap          |     9 |     9 |     5 |     9 |    60 |    51 ||   143
         Staff             |       |    12 |       |    49 |   255 |   263 ||   579
   Cast: Magic Dart        |    34 |    26 |    10 |     3 |    73 |    37 ||   183
         Searing Ray       |     9 |    34 |    45 |    71 |    10 |       ||   169
         Momentum Strike   |       |       |    16 |    19 |     7 |       ||    42
         Iskenderun's Myst |       |       |    25 |    50 |    28 |     7 ||   110
         Blink             |       |       |     2 |     1 |     1 |       ||     4
         Arcjolt           |       |       |       |    19 |    59 |    27 ||   105
         Plasma Beam       |       |       |       |     1 |   209 |   174 ||   384
         Iskenderun's Batt |       |       |       |       |    21 |    13 ||    34
         Starburst         |       |       |       |       |     2 |    14 ||    16
         Spellforged Servi |       |       |       |       |       |    40 ||    40
Ability: Breathe Noxious F |       |       |    25 |    19 |    15 |     8 ||    67
  Evoke: Wand              |       |       |       |     9 |     6 |     7 ||    22
         Phantom mirror    |       |       |       |       |       |     2 ||     2
    Use: Potion            |       |     4 |       |    11 |     3 |     5 ||    23
         Scroll            |       |     1 |     7 |    20 |    14 |     5 ||    47
   Stab: Sleeping          |     1 |     1 |       |       |       |       ||     2
         Confused          |       |       |     1 |     1 |     1 |       ||     3
         Invisible         |       |       |       |       |       |     1 ||     1
 Armour: Skin              |    58 |    51 |    35 |    70 |   163 |   128 ||   505
  Dodge: Dodged            |    90 |   115 |    92 |   281 |   737 |   527 ||  1842
  Block: Buckler           |       |       |       |       |   158 |    14 ||   172
         Kite shield       |       |       |       |       |       |    32 ||    32
         Reflection        |       |       |       |       |       |     4 ||     4

Table legend: (Time is in decaauts)
 A = Elapsed time spent in this place.
 B = Non-inter-level travel time spent in this place.
 C = Inter-level travel time spent in this place.
 D = Time resting spent in this place.
 E = Time spent auto-exploring this place.
 F = Levels seen in this place.
 G = Mean time per level.
                   A        B        C        D        E       F      G
               +--------+--------+--------+--------+--------+-----+--------+
         Total |  34958 |  29164 |   5794 |   6088 |  16338 |  36 |  971.1 |
       Dungeon |  15893 |  12907 |   2986 |   2291 |   7342 |  15 | 1059.5 |
        Temple |     52 |     45 |      7 |      0 |     11 |   1 |   52.0 |
          Lair |   5365 |   4477 |    888 |    789 |   2650 |   5 | 1073.0 |
        Shoals |   3493 |   3053 |    440 |    670 |   1753 |   4 |  873.2 |
     Snake Pit |   5446 |   4485 |    961 |   1436 |   2257 |   4 | 1361.5 |
  Orcish Mines |   2005 |   1684 |    321 |    249 |   1009 |   2 | 1002.5 |
        Depths |   1301 |   1111 |    190 |    104 |    874 |   2 |  650.5 |
        Bazaar |    335 |    335 |      0 |    150 |     94 |   1 |  335.0 |
        Bailey |    540 |    540 |      0 |    198 |    190 |   1 |  540.0 |
      Gauntlet |    523 |    523 |      0 |    201 |    157 |   1 |  523.0 |
               +--------+--------+--------+--------+--------+-----+--------+

Top non-repeatable levels by time:
 Snake:3: 2070 daAuts
    D:11: 1658 daAuts
 Snake:1: 1657 daAuts
     D:9: 1532 daAuts
  Lair:4: 1499 daAuts
Shoals:2: 1379 daAuts
     D:2: 1314 daAuts
     D:8: 1234 daAuts
Shoals:1: 1225 daAuts
Depths:1: 1221 daAuts
     D:7: 1163 daAuts
   Orc:2: 1155 daAuts
  Lair:3: 1089 daAuts
  Lair:2: 1070 daAuts
    D:12: 1048 daAuts
